 Dungeon Crawl Stone Soup version 0.28-a0-563-gf77a47075d (webtiles) character file.

Game seed: 5518276931592303137

2842 dolemite99 the Cleaver (level 9, 0/129 HPs)
             Began as a Minotaur Chaos Knight on Oct 1, 2021.
             Was a Plaything of Xom.
             Slain by a seven-headed hydra (3 damage)
             ... on level 6 of the Dungeon.
             The game lasted 00:06:28 (7208 turns).

dolemite99 the Cleaver (Minotaur Chaos Knight)      Turns: 7208, Time: 00:06:29

Health: 0/129      AC: 24    Str: 20    XL:     9   Next: 46%
Magic:  8/8        EV:  2    Int:  9    God:    Xom [......]
Gold:   305        SH:  8    Dex: 10    Spells: 8/8 levels left

rFire   . . .      SeeInvis .   a - +0 hand axe (chaos)
rCold   . . .      Faith    .   y - +0 kite shield
rNeg    + + +      Spirit   .   (armour currently unavailable)
rPois   +          Reflect  .   (helmet unavailable)
rElec   .          Harm     .   (cloak currently unavailable)
rCorr   .          Rampage  .   (gloves currently unavailable)
Will    +....      NoTele   +   (boots currently unavailable)
Stlth   +.........              (no amulet)
HPRegen 0.31/turn               (no ring)
MPRegen 0.11/turn               (no ring)

@: tree-form
A: stationary, stasis, torment immunity, boosted hp, (horns 3), (retaliatory
headbutt), (iridescent scales 1), (cold resistance 1), strong-willed 1, robust 1
a: Renounce Religion


You were on level 6 of the Dungeon.
You worshipped Xom.
You were a very special plaything of Xom.
You were a tree.
You visited 1 branch of the dungeon, and saw 6 of its levels.

You collected 305 gold pieces.

Inventory:

Hand Weapons
 a - a +0 hand axe of chaos (weapon)
 r - a +2 whip of flaming
 z - the +5 broad axe "Raysax" {vorpal, rN++ rCorr Str-4 Int+3}
   (You found it on level 4 of the Dungeon)

   It inflicts extra damage upon your enemies.
   Str:       It affects your strength (-4).
   Int:       It affects your intelligence (+3).
   rN:        It greatly protects you from negative energy.
   rCorr:     It protects you from acid and corrosion.
Missiles
 c - 63 sling bullets
 d - 107 arrows
 o - a throwing net (quivered)
 s - 18 stones
 t - 27 poisoned darts
Armour
 b - a +3 leather armour
 f - a +0 cloak (melded)
 q - a +0 scale mail
 v - a +0 plate armour (melded)
 y - a +0 kite shield (worn)
 B - a +2 pair of gloves (melded)
Jewellery
 h - a ring of magical power
 n - a ring of fire
 x - a ring of magical power
Wands
 k - a wand of digging (4)
 m - a wand of paralysis (6)
 p - a wand of flame (17)
Scrolls
 j - a scroll of teleportation
 u - a scroll of noise
 A - a scroll of magic mapping
Potions
 i - a potion of flight
 C - 2 potions of curing


   Skills:
 - Level 7.4 Fighting
 - Level 12.0 Axes
 - Level 6.6 Armour
 - Level 3.4 Dodging
 + Level 4.1 Shields


You had 8 spell levels left.
You didn't know any spells.
Your spell library contained the following spells:

 Spells                   Type           Power      Damage    Failure   Level
 Corpse Rot               Necr/Air       N/A        N/A       94%         2
 Ensorcelled Hibernation  Hex/Ice        0%         N/A       94%         2
 Poisonous Vapours        Pois/Air       0%         N/A       94%         2
 Static Discharge         Conj/Air       0%         N/A       94%         2
 Spider Form              Tmut/Pois      0%         N/A       99%         3
 Dispel Undead            Necr           0%         3d6       100%        4
 Sticky Flame             Conj/Fire      0%         2d3       100%        4


Dungeon Overview and Level Annotations

Branches:
Dungeon (6/15)
 Temple: D:4-7

Altars:
Hepliaklqana
Qazlal
Ru
Xom

Annotations:
D:5 1 runed translucent door


Innate Abilities, Weirdness & Mutations

You are a tree.
Your roots penetrate the ground, keeping you stationary.
You cannot be teleported.
You are immune to unholy pain and torment.
Your maximum health is greatly increased.
Your equipment is partially melded.
((You have a pair of large horns on your head.))
((You reflexively headbutt those who attack you in melee.))
((You are partially covered in iridescent scales. (AC +2)))
((Your flesh is cold resistant. (rC+)))
You are strong-willed. (Will+)
You are robust. (+10% HP)


Message History

The six-headed hydra bites you but does no damage. x2
You block the six-headed hydra's attack.
The six-headed hydra bites you but does no damage. x2
You feel yourself slow down. "Let's try an experiment, hmmm?"
Your 27 poisoned darts briefly glow.
You are now a very special plaything of Xom.
You block the howler monkey skeleton's attack.
The six-headed hydra bites you!
* * * LOW HITPOINT WARNING * * *
The six-headed hydra bites you but does no damage.
You block the six-headed hydra's attack.
The six-headed hydra bites you but does no damage.
The six-headed hydra completely misses you.
The six-headed hydra bites you but does no damage.
The howler monkey skeleton hits you but does no damage.
You hit the six-headed hydra. You burn the six-headed hydra.
The six-headed hydra is lightly wounded.
You barely miss the howler monkey skeleton.
The six-headed hydra bites you but does no damage. x2
The six-headed hydra bites you.
* * * LOW HITPOINT WARNING * * *
The six-headed hydra bites you.
* * * LOW HITPOINT WARNING * * *
The six-headed hydra bites you but does no damage. x2
The howler monkey skeleton hits you but does no damage.
You slice one of the six-headed hydra's heads off!
The five-headed hydra grows two more!
You hit the seven-headed hydra.
The seven-headed hydra is poisoned.
The seven-headed hydra is lightly wounded.
You barely miss the howler monkey skeleton.
The seven-headed hydra barely misses you.
The seven-headed hydra bites you but does no damage.
The seven-headed hydra bites you.
* * * LOW HITPOINT WARNING * * *
The seven-headed hydra bites you.
* * * LOW HITPOINT WARNING * * *
The seven-headed hydra bites you.
You die...
Xom chuckles heartily!

#####
....#
....#
....#
##..$.#
+♣Z...#
##D...#
....#
....#
....#
....#
....#
....#


You could see a seven-headed hydra (very poisoned) and a howler monkey skeleton.

Vanquished Creatures
  A manticore (shapeshifter) (D:3)
  A hornet (shapeshifter) (D:4)
  Grinder (D:3)
  Sigmund (D:2)
  Purgy (D:3)
  A necrophage (D:5)
  2 black bears
  An ogre (D:5)
  A phantom (D:4)
  A water moccasin zombie (D:5)
  6 scorpions
  2 killer bees (D:5)
  3 hounds
  A centaur zombie (D:5)
  2 orc priests (D:3)
  A jelly (D:5)
  A gnoll shaman (D:5)
  Jessica (D:3)
  4 iguanas (D:5)
  4 orc wizards
  A hound skeleton (D:4)
  6 gnolls (D:5)
  A howler monkey skeleton (D:5)
  4 adders
  An ufetubus (D:5)
  4 worms
  3 dart slugs
  10 orcs
  5 endoplasms
  4 giant cockroaches
  6 hobgoblins
  5 jackals
  4 kobolds
  5 quokkas
  3 ball pythons
  6 bats
  2 frilled lizards
  2 goblins
  7 rats
  A butterfly (D:5)
116 creatures vanquished.

Vanquished Creatures (collateral kills)
  A vampire mosquito (D:5)
  A centaur (D:5)
  A butterfly (D:5)
3 creatures vanquished.

Vanquished Creatures (others)
  4 plants (D:1)
4 creatures vanquished.

Grand Total: 123 creatures vanquished

Notes
Turn   | Place    | Note
-------+----------+-------------------------------------------
     0 | D:1      | dolemite99 the Minotaur Chaos Knight began the quest for
                  | the Orb.
     0 | D:1      | Reached XP level 1. HP: 19/19 MP: 0/0
    64 | D:1      | Reached skill level 4 in Axes
   497 | D:1      | Reached XP level 2. HP: 26/26 MP: 1/1
   919 | D:1      | Reached skill level 5 in Axes
  1234 | D:1      | Reached XP level 3. HP: 31/31 MP: 2/2
  1241 | D:1      | XOM: silly message
  1703 | D:2      | Found a shimmering altar of Xom.
  1729 | D:2      | XOM: divination: detect creatures
  1829 | D:2      | Noticed Sigmund
  1840 | D:2      | XOM: potion effect (heal wounds)
  1849 | D:2      | Killed Sigmund
  1850 | D:2      | Reached skill level 7 in Axes
  1850 | D:2      | Reached XP level 4. HP: 15/39 MP: 3/3
  1850 | D:2      | Reached XP level 5. HP: 17/45 MP: 4/4
  2252 | D:3      | Noticed Purgy
  2252 | D:3      | XOM: potion effect (curing)
  2270 | D:3      | XOM: potion effect (invisibility)
  2274 | D:3      | Killed Purgy
  2275 | D:3      | Reached skill level 8 in Axes
  2275 | D:3      | Reached XP level 6. HP: 29/51 MP: 5/5
  2369 | D:3      | Noticed a glowing shapeshifter
  2369 | D:3      | a river rat changed into a glowing shapeshifter
  2369 | D:3      | Noticed an anaconda
  2369 | D:3      | a glowing shapeshifter changed into an anaconda
  2371 | D:3      | Noticed a two-headed ogre
  2371 | D:3      | an anaconda changed into a two-headed ogre
  2373 | D:3      | Noticed a glowing orange brain
  2373 | D:3      | a two-headed ogre changed into a glowing orange brain
  2374 | D:3      | XOM: noise
  2376 | D:3      | Noticed a manticore
  2376 | D:3      | a glowing orange brain changed into a manticore
  2379 | D:3      | Killed a manticore
  2380 | D:3      | Reached skill level 10 in Axes
  2380 | D:3      | Reached XP level 7. HP: 34/57 MP: 6/6
  2745 | D:3      | XOM: noise
  2998 | D:3      | XOM: noise
  3093 | D:3      | Noticed Jessica
  3099 | D:3      | Killed Jessica
  3100 | D:3      | Reached skill level 11 in Axes
  3195 | D:3      | XOM: blink monster(s)
  3231 | D:3      | Noticed Grinder
  3244 | D:3      | Killed Grinder
  3245 | D:3      | Reached XP level 8. HP: 37/64 MP: 7/7
  3739 | D:3      | Found a faded altar of an unknown god.
  3825 | D:4      | Reached skill level 12 in Axes
  3843 | D:4      | Noticed a shapeshifter
  3843 | D:4      | a goblin changed into a shapeshifter
  3843 | D:4      | Noticed a hornet
  3843 | D:4      | a shapeshifter changed into a hornet
  3847 | D:4      | Killed a hornet
  3878 | D:4      | XOM: scenery: create altars
  3913 | D:4      | XOM: enchant monster (bad)
  3922 | D:4      | Reached skill level 5 in Fighting
  4116 | D:4      | XOM: snakes to sticks
  4133 | D:4      | XOM: 3-stop teleportation journey
  4458 | D:4      | Found a sacrificial altar of Ru.
  4459 | D:4      | Found a stormy altar of Qazlal.
  4472 | D:4      | Identified the +5 broad axe "Raysax" {vorpal, rN++ rCorr
                  | Str-4 Int+3}
  4563 | D:5      | Entered Level 5 of the Dungeon
  4563 | D:5      | Found a hazy altar of Hepliaklqana.
  4616 | D:5      | Found a runed translucent door.
  4618 | D:5      | Found a runed translucent door.
  4632 | D:5      | XOM: summons friendly white imp
  4637 | D:5      | Reached skill level 5 in Armour
  4643 | D:5      | Reached XP level 9. HP: 64/78 MP: 8/8
  5071 | D:5      | XOM: enchant monster (good)
  5561 | D:5      | XOM: scenery: summon butterflies
  5655 | D:5      | XOM: summons 9 friendly demons
  5658 | D:5      | Reached skill level 1 in Shields
  5722 | D:5      | XOM: give mutations
  5722 | D:5      | Gained mutation: Your flesh is cold resistant. (rC+) [Xom's
                  | grace]
  5722 | D:5      | Gained mutation: You are partially covered in iridescent
                  | scales. (AC +2) [Xom's grace]
  5998 | D:5      | XOM: give mutation
  5998 | D:5      | Gained mutation: You are strong-willed. (Will+) [Xom's
                  | grace]
  7137 | D:5      | XOM: noise
  7165 | D:6      | Noticed a six-headed hydra
  7174 | D:6      | XOM: give mutations
  7174 | D:6      | Gained mutation: You are robust. (+10% HP) [Xom's grace]
  7174 | D:6      | Gained mutation: You have a pair of large horns on your
                  | head. [Xom's grace]
  7191 | D:6      | XOM: cast spell 'Alistair's Intoxication'
  7205 | D:6      | XOM: silly message
  7208 | D:6      | HP: 6/129 [seven-headed hydra (2)]
  7208 | D:6      | Slain by a seven-headed hydra

Illustrated notes

Levels and vault maps discovered:
D:1:      scummos_arrival_checkerplants, layout_basic, serial_forest,
          infiniplex_forest_clump_diagonal, infiniplex_forest_corner_1,
          infiniplex_forest_clump_long, infiniplex_forest_straight_1,
          infiniplex_forest_end_2, infiniplex_forest_corner_1,
          minmay_misc_feat_iff, minmay_hedge_maze, nrook_campfire
D:2:      layout_rooms, basic_altar, uniq_sigmund
D:3:      layout_loops_ring, ebering_ecumenical_altar_rust, eino_tiny_chamber,
          uniq_jessica, uniq_purgy, uniq_grinder
D:4:      layout_rooms, grunt_temple_overflow_open, serial_glass,
          glass_columns_c, glass_columns_a
D:5:      lemuel_insect_pit, layout_layer_cave,
          nicolae_hepliaklqana_hazy_memory, hangedman_minor_gate_pass
D:6:      layout_gridville, mainiacjoe_overflow_small_starburst,
          minmay_temple_entry_from_below_a, serial_glass, glass_columns_b,
          glass_columns_c, minmay_strange_pillars, minmay_strange_pillars

Skill      XL: |  1  2  3  4  5  6  7  8  9 |
---------------+----------------------------+-----
Axes           | 4 5 7 8 10 11 12 | 12.0
Fighting       | 6 7 |  7.4
Dodging        | 3 |  3.4
Armour         | 5 6 |  6.6
Shields        | 4 |  4.1

Action                   |  1- 3 |  4- 6 |  7- 9 || total
-------------------------+-------+-------+-------++-------
Melee: Hand axe          |    98 |    36 |   247 ||   381
       Headbutt          |    17 |     3 |    48 ||    68
Evoke: Wand              |       |       |     1 ||     1
  Use: Scroll            |     2 |       |    12 ||    14
       Potion            |       |       |     6 ||     6
 Stab: Invisible         |       |     1 |       ||     1
       Distracted        |       |       |     1 ||     1
       Sleeping          |       |       |     1 ||     1
       Paralysed         |       |       |     2 ||     2
Armor: Leather armour    |    24 |    16 |    33 ||    73
       Plate armour      |       |       |    96 ||    96
       Skin              |       |       |    73 ||    73
Dodge: Dodged            |    55 |    27 |    69 ||   151
Block: Kite shield       |       |       |    64 ||    64

Table legend: (Time is in decaauts)
 A = Elapsed time spent in this place.
 B = Non-inter-level travel time spent in this place.
 C = Inter-level travel time spent in this place.
 D = Time resting spent in this place.
 E = Time spent auto-exploring this place.
 F = Levels seen in this place.
 G = Mean time per level.
                   A        B        C        D        E       F      G
               +--------+--------+--------+--------+--------+-----+--------+
         Total |   7168 |   6942 |    226 |   2686 |   3128 |   6 | 1194.7 |
       Dungeon |   7168 |   6942 |    226 |   2686 |   3128 |   6 | 1194.7 |
               +--------+--------+--------+--------+--------+-----+--------+

Top non-repeatable levels by time:
     D:5: 2596 daAuts
     D:3: 1529 daAuts
     D:1: 1380 daAuts
     D:2: 875 daAuts
     D:4: 752 daAuts
     D:6: 33 daAuts
